 Seeded DCSS version 0.29-a0-103-g37f86683bf (webtiles) character file.

Game seed: 6432062105442407204 (custom seed)

3250 bromine the Cleaver (level 9, -11/123 HPs)
             Began as a Deep Dwarf Fighter on Feb 14, 2022.
             Mangled by a polar bear (16 damage)
             ... on level 8 of the Dungeon on Feb 15, 2022.
             The game lasted 00:33:50 (6241 turns).

bromine the Cleaver (Deep Dwarf Fighter)            Turns: 6241, Time: 00:33:51

Health: -11/123    AC: 24    Str: 23    XL:     9   Next: 67%
Magic:  5/5        EV:  2    Int: 10    God:
Gold:   307        SH: 10    Dex: 12    Spells: 8/8 levels left

rFire   + . .      SeeInvis .   a - +0 war axe (flame)
rCold   + . .      Faith    .   c - +0 buckler
rNeg    . . .      Spirit   .   (armour currently unavailable)
rPois   +          Reflect  +   (helmet currently unavailable)
rElec   +          Harm     .   (cloak currently unavailable)
rCorr   +          Rampage  .   (gloves currently unavailable)
Will    +....      NoTele   +   (boots currently unavailable)
Stlth   ++........              l - amulet of reflection
HPRegen 0.00/turn               (no ring)
MPRegen 0.09/turn               (no ring)

@: tree-form, resistant, marked
A: stationary, stasis, torment immunity, boosted hp, damage resistance, heal
wounds, sense surroundings 2, no regeneration
a: Heal Wounds


You were on level 8 of the Dungeon.
You were a tree.
You visited 1 branch of the dungeon, and saw 8 of its levels.

You collected 307 gold pieces.

Inventory:

Hand Weapons
 a - a +0 war axe of flaming (weapon)
Missiles
 k - a throwing net
Armour
 b - a +0 scale mail
 c - a +0 buckler (worn)
 i - a +1 scale mail of fire resistance
 m - a +0 plate armour (melded)
Jewellery
 h - a ring of protection from fire
 l - an amulet of reflection (around neck)
 t - a ring of resist corrosion
 v - an amulet of guardian spirit
 w - a ring of protection from cold
 A - an amulet of the acrobat
Wands
 q - a wand of flame (33)
 B - a wand of acid (8)
Scrolls
 g - 2 scrolls of brand weapon
 o - 3 scrolls of vulnerability
 s - a scroll of amnesia
 y - a scroll of noise
 C - a scroll of torment {unknown}
 D - a scroll of blinking {unknown}
Potions
 d - 2 potions of curing
 e - a potion of lignification
 f - 3 potions of degeneration {unknown}
 j - a potion of cancellation {unknown}
 n - a potion of invisibility {unknown}
 r - a potion of magic {unknown}
 x - a potion of berserk rage {unknown}
 z - a potion of attraction {unknown}


   Skills:
 + Level 5.7 Fighting
 + Level 10.3 Axes
 + Level 7.2 Armour
 + Level 3.3 Dodging
 + Level 1.6 Stealth
 + Level 6.3 Shields


You had 8 spell levels left.
You didn't know any spells.
Your spell library contained the following spells:

 Spells                   Type           Power      Damage    Failure   Level
 Animate Skeleton         Necr           0%         N/A       43%         1
 Pain                     Necr           0%         1d4       43%         1
 Scorch                   Fire           0%         2d5       58%         2
 Static Discharge         Conj/Air       0%         N/A       58%         2
 Sublimation of Blood     Necr           0%         N/A       58%         2
 Vampiric Draining        Necr           0%         2d6       82%         3
 Flame Wave               Conj/Fire      0%         2d4       99%         4
 Petrify                  Tmut/Erth      0%         N/A       99%         4
 Irradiate                Conj/Tmut      0%         3d13      100%        5
 Lightning Bolt           Conj/Air       0%         1d11      100%        5
 Summon Forest            Summ/Tloc      0%         N/A       100%        5
 Eringya's Noxious Bog    Tmut/Pois      0%         N/A       100%        6
 Summon Cactus Giant      Summ           0%         N/A       100%        6
 Summon Hydra             Summ           0%         N/A       100%        7
 Maxwell's Capacitive Co  Air            0%         ∞         100%        8


Dungeon Overview and Level Annotations

Branches:
Dungeon (8/15)             Temple (0/1) D:6
   Lair: D:8-11

Altars:
Xom
The Shining One

Annotations:
D:8 Harold


Innate Abilities, Weirdness & Mutations

You are a tree.
Your roots penetrate the ground, keeping you stationary.
You cannot be teleported.
You are immune to unholy pain and torment.
Your maximum health is greatly increased.
Your equipment is partially melded.
You are resistant to damage.
You can heal yourself by infusing magical energy.
You passively map the area around you.
You do not regenerate.


Message History

The white imp gestures at you.
The puff of frost hits you but does no damage.
You block the polar bear's attack.
The polar bear claws you but does no damage. x2
The polar bear bites you!
* * * LOW HITPOINT WARNING * * *
The polar bear claws you but does no damage. x2
You cannot move.
You cannot move.
You slash the polar bear! You burn the polar bear.
The polar bear is severely wounded.
You hit the polar bear. You burn the polar bear.
You barely miss the polar bear.
The polar bear bites you but does no damage.
The polar bear claws you.
The polar bear claws you but does no damage.
You block the polar bear's attack.
The polar bear claws you but does no damage. x2
The polar bear bites you but does no damage.
The polar bear claws you but does no damage.
The polar bear claws you.
* * * LOW HITPOINT WARNING * * *
You hit the polar bear but do no damage.
The polar bear is almost dead.
You hit the polar bear. You burn the polar bear.
You hit the polar bear but do no damage.
The polar bear bites you but does no damage.
The polar bear claws you but does no damage.
The polar bear barely misses you. x2; You block the polar bear's attack. x2
The polar bear bites you!!
* * * LOW HITPOINT WARNING * * *
The polar bear claws you but does no damage. x2
The polar bear bites you but does no damage.
The polar bear claws you but does no damage. x2
Unknown command.
You hit the polar bear. You burn the polar bear.
The polar bear is almost dead.
You hit the polar bear but do no damage.
You hit the polar bear. You burn the polar bear. The polar bear bites you!
You die...

, ,>, ≈ #... , ....#≈≈≈. ,
#... , ..[.#≈≈≈##+### #...
* ,......S......# #... ,
..$5.........# #... *
.............# #... ,
.............# #...
......)h)....# #...
,......h♣.....########...
*'*####.###h####.......^.<.
, , Z@.#............. *, ,
, ..#...#.)....... * ,
..#...#......... , *
..#...#.))).#'## , ,, , ,
..#...#.....#... , , , ,,
*,,,,..##..#.....#... , , *
* * ##..#.)...#...


You could see Harold, 3 polar bears, an electric eel and a white imp.

Vanquished Creatures
  A hornet (D:8)
  Grinder (D:3)
  Edmund (D:5)
  3 ice beasts
  2 orc warriors
  A sky beast (D:7)
  3 ogres
  2 phantoms
  A centaur (D:7)
  3 bullfrogs
  2 scorpions
  A water moccasin zombie (D:5)
  A wyvern skeleton (D:6)
  A hornet simulacrum (D:8)
  A water moccasin skeleton (D:6)
  3 killer bees (D:7)
  5 wights (D:8)
  An electric eel (D:7)
  3 orc priests
  3 hounds
  3 bullfrog skeletons
  Natasha (thrice) (D:2)
  5 orc wizards
  A scorpion zombie (D:5)
  Terence (D:2)
  Robin (D:3)
  A howler monkey zombie (D:6)
  7 gnolls
  6 adders
  A white imp (D:7)
  An ufetubus (D:8)
  A worm (D:3)
  5 dart slugs
  24 orcs
  10 bats
  10 endoplasms
  4 giant cockroaches
  5 goblins (D:3)
  7 hobgoblins
  2 jackals (D:2)
  6 quokkas
  9 ball pythons
  2 frilled lizards
  6 kobolds
  3 rats
163 creatures vanquished.

Vanquished Creatures (others)
  An orc (D:8)
1 creature vanquished.

Grand Total: 164 creatures vanquished

Notes
Turn   | Place    | Note
-------+----------+-------------------------------------------
     0 | D:1      | bromine the Deep Dwarf Fighter began the quest for the Orb.
     0 | D:1      | Reached XP level 1. HP: 20/20 MP: 1/1
   289 | D:1      | Found a faded altar of an unknown god.
   327 | D:1      | Reached XP level 2. HP: 24/27 MP: 2/2
  1126 | D:2      | Noticed Terence
  1143 | D:2      | Killed Terence
  1144 | D:2      | Reached skill level 3 in Axes
  1144 | D:2      | Reached XP level 3. HP: 7/33 MP: 3/3
  1287 | D:2      | Noticed Natasha
  1291 | D:2      | Killed Natasha
  1292 | D:2      | Reached skill level 1 in Dodging
  1292 | D:2      | Reached XP level 4. HP: 25/42 MP: 4/4
  1496 | D:2      | Noticed Natasha
  1505 | D:2      | Killed Natasha
  1671 | D:2      | Noticed Natasha
  1679 | D:2      | Killed Natasha
  1680 | D:2      | Reached XP level 5. HP: 42/49 MP: 4/4
  2269 | D:3      | Noticed Grinder
  2280 | D:3      | Paralysed by Grinder for 5 turns
  2285 | D:3      | Killed Grinder
  2286 | D:3      | Reached skill level 4 in Axes
  2286 | D:3      | Reached XP level 6. HP: 22/57 MP: 5/5
  2386 | D:3      | Reached skill level 5 in Axes
  2702 | D:3      | Reached skill level 5 in Armour
  2762 | D:3      | Noticed Robin
  2774 | D:3      | Killed Robin
  3158 | D:4      | Reached XP level 7. HP: 28/63 MP: 5/5
  3237 | D:4      | HP: 2/63 [gnoll (2)]
  3355 | D:4      | Reached skill level 6 in Axes
  3737 | D:5      | Entered Level 5 of the Dungeon
  3748 | D:5      | Reached skill level 1 in Stealth
  3900 | D:5      | Noticed Edmund
  3933 | D:5      | Reached skill level 7 in Axes
  3965 | D:5      | Killed Edmund
  3966 | D:5      | Reached XP level 8. HP: 48/72 MP: 5/5
  4360 | D:5      | Upgraded the game from 0.29-a0-100-g60f898f876 to
                  | 0.29-a0-103-g37f86683bf
  4466 | D:6      | Found a staircase to the Ecumenical Temple.
  4497 | D:6      | Reached skill level 8 in Axes
  4563 | D:6      | Reached skill level 5 in Shields
  5305 | D:7      | Reached skill level 5 in Fighting
  5316 | D:7      | Found a shimmering altar of Xom.
  5326 | D:7      | Found a glowing golden altar of the Shining One.
  5337 | D:7      | Reached skill level 9 in Axes
  5358 | D:7      | Gained mutation: You passively map the area around you.
                  | [Deep Dwarf growth]
  5358 | D:7      | Reached XP level 9. HP: 49/81 MP: 5/5
  6217 | D:8      | Noticed a polar bear
  6217 | D:8      | Noticed a polar bear
  6219 | D:8      | Paralysed by a hornet for 1 turns
  6222 | D:8      | Paralysed by a hornet for 3 turns
  6225 | D:8      | Noticed Harold
  6225 | D:8      | Noticed a polar bear
  6226 | D:8      | Reached skill level 10 in Axes
  6240 | D:8      | HP: 5/123 [polar bear (17)]
  6241 | D:8      | Mangled by a polar bear

Illustrated notes

Levels and vault maps discovered:
D:1:      elethiomel_arrival_maze, layout_basic,
          hellmonk_ecumenical_altar_zigzags
D:2:      layout_basic, uniq_natasha, uniq_terence
D:3:      layout_loops_ring, serial_glass, glass_columns_a, glass_columns_c,
          roderic_serpentine_path, hangedman_decor_push, uniq_grinder,
          uniq_robin
D:4:      layout_gridville, minmay_cupped
D:5:      layout_cave_pools, uniq_edmund
D:6:      layout_loops_cross, minmay_temple_entry_waves
D:7:      layout_basic, mainiacjoe_overflow_large_starburst, fountainhead
D:8:      layout_gridville, serial_ice, serial_ice_l, serial_ice_c,
          serial_ice_f, serial_ice_b, serial_ice_g, serial_ice_a, serial_ice_h,
          serial_ice_o, serial_ice_d, serial_ice_e, minivault_22, uniq_joseph,
          uniq_harold

Skill      XL: |  1  2  3  4  5  6  7  8  9 |
---------------+----------------------------+-----
Axes           | 3 4 5 7 9 10 | 10.3
Fighting       | 3 4 5 |  5.7
Armour         | 4 5 6 7 |  7.2
Dodging        | 1 2 3 |  3.3
Shields        | 4 5 6 |  6.3
Stealth        | 1 |  1.6

Action                   |  1- 3 |  4- 6 |  7- 9 || total
-------------------------+-------+-------+-------++-------
Melee: War axe           |    78 |   121 |   315 ||   514
 Abil: Heal Wounds       |     2 |     4 |    13 ||    19
  Use: Scroll            |     4 |     3 |     7 ||    14
       Potion            |     1 |       |     8 ||     9
Armor: Scale mail        |    52 |    64 |    46 ||   162
       Plate armour      |       |       |   119 ||   119
       Skin              |       |       |    27 ||    27
Dodge: Dodged            |    46 |    84 |   161 ||   291
Block: Buckler           |    18 |    47 |   203 ||   268
       Reflection        |       |       |     3 ||     3

Table legend: (Time is in decaauts)
 A = Elapsed time spent in this place.
 B = Non-inter-level travel time spent in this place.
 C = Inter-level travel time spent in this place.
 D = Time resting spent in this place.
 E = Time spent auto-exploring this place.
 F = Levels seen in this place.
 G = Mean time per level.
                   A        B        C        D        E       F      G
               +--------+--------+--------+--------+--------+-----+--------+
         Total |   6359 |   6031 |    328 |    523 |   3575 |   8 |  794.9 |
       Dungeon |   6359 |   6031 |    328 |    523 |   3575 |   8 |  794.9 |
               +--------+--------+--------+--------+--------+-----+--------+

Top non-repeatable levels by time:
     D:2: 1120 daAuts
     D:3: 1036 daAuts
     D:1: 998 daAuts
     D:6: 945 daAuts
     D:7: 785 daAuts
     D:4: 661 daAuts
     D:5: 641 daAuts
     D:8: 170 daAuts
